[Event "Moscow Rapid-ch 2018"]
[Site "Moscow"]
[Date "2018.12.08"]
[Round "2"]
[White "Dvalishvili, Pavel S."]
[Black "Tsvetkov, Andrey"]
[Result "1-0"]
[ECO "B20"]
[WhiteElo "2396"]
[BlackElo "2338"]
[Annotator "NA"]
[PlyCount "41"]
[EventDate "2018.12.08"]
[EventType "swiss"]
[EventCountry "RUS"]
[SourceTitle "playchess.com"]
[Source "ChessBase"]
[SourceQuality "1"]
[TimeControl "900+10"]

1. e4 c5 2. b3 g6 3. Bb2 Nf6 4. Qf3 d6 5. Bb5+ Nbd7 6. Bxf6 exf6 7. Nc3 Bg7 8. Qg3 Qe7 9. Nge2 O-O 10. O-O Nb6 11. Rfe1 Qd8 12. a4 a6 13. Bd3 d5 14. exd5 Nxd5 15. Nxd5 Qxd5 16. Nc3 Qd8 17. Qe3 Qa5 18. Qe7 Be6 19. Qxb7 f5 20. Rac1 Rfb8 21. Qf3 1-0

[Event "Moscow Rapid-ch 2018"]
[Site "Moscow"]
[Date "2018.12.08"]
[Round "2"]
[White "Dragomarezkij, Evgeni"]
[Black "Pavlov, Danila"]
[Result "1-0"]
[ECO "E87"]
[WhiteElo "2385"]
[BlackElo "2323"]
[Annotator "NA"]
[PlyCount "80"]
[EventDate "2018.12.08"]
[EventType "swiss"]
[EventCountry "RUS"]
[SourceTitle "playchess.com"]
[Source "ChessBase"]
[SourceQuality "1"]
[TimeControl "900+10"]

1. c4 Nf6 2. Nc3 g6 3. e4 d6 4. d4 Bg7 5. f3 O-O 6. Be3 e5 7. d5 a5 8. Bd3 Na6 9. Nge2 c6 10. O-O cxd5 11. cxd5 Nd7 12. a3 Ndc5 13. Bc2 Bd7 14. Rb1 b5 15. b4 axb4 16. axb4 Na4 17. Nxa4 bxa4 18. Bxa4 Nc7 19. Bc6 Bxc6 20. dxc6 d5 21. Bc5 Re8 22. Bb6 d4 23. Qb3 Rb8 24. Bxc7 Qxc7 25. b5 Rec8 26. Rfc1 Qb6 27. Kh1 Bh6 28. Rc4 Ra8 29. Nc1 Bf8 30. Nd3 Ra3 31. Qc2 Bd6 32. h3 Ra5 33. Qb2 Rb8 34. f4 f6 35. fxe5 fxe5 36. Qb3 Kg7 37. Rcc1 Bc7 38. Rc5 Bd6 39. Rd5 Ra3 40. Qd1 Rd8 1-0

[Event "Moscow Rapid-ch 2018"]
[Site "Moscow"]
[Date "2018.12.08"]
[Round "2"]
[White "Strutinskaia, Galina"]
[Black "Glibka, Yulia"]
[Result "1-0"]
[ECO "A01"]
[WhiteElo "2201"]
[BlackElo "1979"]
[Annotator "NA"]
[PlyCount "59"]
[EventDate "2018.12.08"]
[EventType "swiss"]
[EventCountry "RUS"]
[SourceTitle "playchess.com"]
[Source "ChessBase"]
[SourceQuality "1"]
[TimeControl "900+10"]

1. b3 e5 2. Bb2 Nc6 3. e3 Nf6 4. Bb5 d6 5. d4 exd4 6. Bxd4 Bd7 7. Bb2 Ne5 8. Be2 Bc6 9. Nf3 Ng6 10. c4 d5 11. Nd4 Bb4+ 12. Bc3 Qd6 13. Nxc6 bxc6 14. O-O Bxc3 15. Nxc3 O-O 16. Qc2 dxc4 17. bxc4 Qe6 18. Rfd1 Ne5 19. Ne4 Nxe4 20. Qxe4 f5 21. Qd4 f4 22. exf4 Ng6 23. Qe3 Rae8 24. Qxe6+ Rxe6 25. Bg4 Re4 26. g3 Kf7 27. Rd7+ Re7 28. Rb1 Rfe8 29. Rb7 Nf8 30. Rdxc7 1-0

[Event "Moscow Rapid-ch 2018"]
[Site "Moscow"]
[Date "2018.12.08"]
[Round "2"]
[White "Chudinovskikh, Alexander M"]
[Black "Tarasov, Danila"]
[Result "1-0"]
[ECO "B31"]
[WhiteElo "2184"]
[BlackElo "1885"]
[Annotator "NA"]
[PlyCount "125"]
[EventDate "2018.12.08"]
[EventType "swiss"]
[EventCountry "RUS"]
[SourceTitle "playchess.com"]
[Source "ChessBase"]
[SourceQuality "1"]
[TimeControl "900+10"]

1. e4 c5 2. Nf3 Nc6 3. Bb5 g6 4. O-O Bg7 5. c3 Qb6 6. Bc4 e6 7. Re1 d6 8. Na3 Nge7 9. Nb5 Qd8 10. d4 a6 11. Na3 b5 12. Bf1 cxd4 13. cxd4 O-O 14. Nc2 Bb7 15. Bg5 h6 16. Bf4 g5 17. Be3 Ng6 18. g3 Rc8 19. Rc1 Na5 20. Bd2 Nc4 21. Bc3 a5 22. b3 b4 23. Ba1 Nb6 24. a3 bxa3 25. Nxa3 Rxc1 26. Qxc1 Qa8 27. Qe3 f5 28. Nd2 f4 29. Qd3 Qe8 30. Nb5 Nc8 31. Bc3 fxg3 32. hxg3 Qf7 33. Qe3 h5 34. Bxa5 Kh7 35. Nc3 g4 36. Nd1 Nce7 37. Bb4 Nc6 38. Bc3 Bh6 39. Qd3 h4 40. Nc4 Qe7 41. d5 Rf3 42. Nde3 hxg3 43. fxg3 Rxg3+ 44. Bg2 Nce5 45. Bxe5 Nxe5 46. Nxe5 dxe5 47. Qc3 Bc8 48. Nf5 Rxc3 49. Nxe7 Bd7 50. Rf1 Rc1 51. Rxc1 Bxc1 52. Nc6 Be3+ 53. Kf1 exd5 54. exd5 Bxc6 55. dxc6 Bb6 56. Ke2 Kg7 57. Kd3 Kf8 58. Kc4 Ke7 59. Kb5 Bc7 60. Ka6 Kd8 61. Kb7 Ba5 62. b4 Bc7 63. b5 1-0

[Event "Moscow Rapid-ch 2018"]
[Site "Moscow"]
[Date "2018.12.08"]
[Round "2"]
[White "Novikova, Galina"]
[Black "Paramzina, Anastasya"]
[Result "0-1"]
[ECO "B90"]
[WhiteElo "2077"]
[BlackElo "2229"]
[Annotator "NA"]
[PlyCount "76"]
[EventDate "2018.12.08"]
[EventType "swiss"]
[EventCountry "RUS"]
[SourceTitle "playchess.com"]
[Source "ChessBase"]
[SourceQuality "1"]
[TimeControl "900+10"]

1. e4 c5 2. Nf3 d6 3. d4 cxd4 4. Nxd4 Nf6 5. Nc3 a6 6. h3 Nc6 7. g4 Qb6 8. Nb3 e6 9. Be3 Qc7 10. Bg2 b5 11. f4 Bb7 12. Qe2 Be7 13. O-O-O Rc8 14. Kb1 Nd7 15. Qf2 Na5 16. Nxa5 Qxa5 17. g5 Rxc3 18. bxc3 Qxc3 19. Qd2 Qc7 20. h4 h5 21. g6 fxg6 22. Bf3 Kf7 23. Rdg1 Rc8 24. Rg2 Nc5 25. Bxc5 Qxc5 26. Rhg1 Bf6 27. Rxg6 Bc3 28. Qd3 Qa3 29. Rxg7+ Ke8 30. Rg8+ Kd7 31. R1g7+ Kc6 32. e5+ d5 33. Bxd5+ Kb6 34. Rxb7+ Ka5 35. Qxc3+ Qxc3 36. Rxc8 Qxc8 37. Be4 Qc4 38. Bd3 Kb4 0-1

[Event "Moscow Rapid-ch 2018"]
[Site "Moscow"]
[Date "2018.12.08"]
[Round "2"]
[White "Afanasieva, Alexandra"]
[Black "Martynyuk, Elizaveta"]
[Result "1/2-1/2"]
[ECO "B47"]
[WhiteElo "1973"]
[BlackElo "2128"]
[Annotator "NA"]
[PlyCount "49"]
[EventDate "2018.12.08"]
[EventType "swiss"]
[EventCountry "RUS"]
[SourceTitle "playchess.com"]
[Source "ChessBase"]
[SourceQuality "1"]
[TimeControl "900+10"]

1. e4 c5 2. Nf3 e6 3. d4 cxd4 4. Nxd4 Nc6 5. Nc3 Qc7 6. Be2 a6 7. O-O Nf6 8. Be3 Be7 9. f4 d6 10. Kh1 O-O 11. Qe1 Bd7 12. Qg3 Rfe8 13. Rae1 Bf8 14. Bd3 Nb4 15. f5 e5 16. Nf3 b5 17. Bg5 Be7 18. a3 Nxd3 19. cxd3 Bc6 20. Bh6 Bf8 21. Bg5 Be7 22. Bh6 Bf8 23. Bg5 Be7 24. Bh6 Bf8 25. Bg5 1/2-1/2

[Event "Moscow Rapid-ch 2018"]
[Site "Moscow"]
[Date "2018.12.08"]
[Round "2"]
[White "Vyrtosu, Natalia"]
[Black "Kanevskaya, Anna"]
[Result "1/2-1/2"]
[ECO "A45"]
[WhiteElo "1952"]
[BlackElo "2105"]
[Annotator "NA"]
[PlyCount "36"]
[EventDate "2018.12.08"]
[EventType "swiss"]
[EventCountry "RUS"]
[SourceTitle "playchess.com"]
[Source "ChessBase"]
[SourceQuality "1"]
[TimeControl "900+10"]

1. d4 Nf6 2. Bf4 c5 3. e3 b6 4. Nf3 Bb7 5. c3 g6 6. h3 Bg7 7. Bd3 O-O 8. O-O d6 9. Nbd2 Nbd7 10. Qe2 Re8 11. Bh2 e5 12. Ba6 Bc6 13. Bb5 Bb7 14. Ba6 Bc6 15. Bb5 Bb7 16. Ba6 Bc6 17. Bb5 Bb7 18. Ba6 Bc8 1/2-1/2

[Event "Moscow Rapid-ch 2018"]
[Site "Moscow"]
[Date "2018.12.08"]
[Round "3"]
[White "Gorbatov, Alexej"]
[Black "Gurvich, Vitaly"]
[Result "1/2-1/2"]
[ECO "B10"]
[WhiteElo "2389"]
[BlackElo "2270"]
[Annotator "NA"]
[PlyCount "72"]
[EventDate "2018.12.08"]
[EventType "swiss"]
[EventCountry "RUS"]
[SourceTitle "playchess.com"]
[Source "ChessBase"]
[SourceQuality "1"]
[TimeControl "900+10"]

1. e4 c6 2. Nc3 d5 3. Qf3 dxe4 4. Nxe4 Nf6 5. Nxf6+ exf6 6. Bc4 Bd6 7. Ne2 O-O 8. O-O Nd7 9. d4 Re8 10. Bd3 Nf8 11. c3 Ng6 12. Ng3 Be6 13. Nf5 Bf8 14. h4 Qd5 15. Qxd5 cxd5 16. h5 Bxf5 17. Bxf5 Ne7 18. Bg4 f5 19. Bf3 Rad8 20. Re1 f6 21. Bd2 Kf7 22. Re2 Nc6 23. Rae1 Rxe2 24. Rxe2 b5 25. b4 a5 26. a3 a4 27. g3 Ne7 28. Kf1 g5 29. hxg6+ hxg6 30. Ke1 Nc8 31. Kd1 Nb6 32. Re1 Bd6 33. Rh1 Kg7 34. Bh6+ Kf7 35. Bc1 Kg7 36. Bh6+ Kf7 1/2-1/2

[Event "Moscow Rapid-ch 2018"]
[Site "Moscow"]
[Date "2018.12.08"]
[Round "3"]
[White "Lavrov, Maxim"]
[Black "Girshgorn, Leonid"]
[Result "1-0"]
[ECO "B12"]
[WhiteElo "2387"]
[BlackElo "2038"]
[Annotator "NA"]
[PlyCount "97"]
[EventDate "2018.12.08"]
[EventType "swiss"]
[EventCountry "RUS"]
[SourceTitle "playchess.com"]
[Source "ChessBase"]
[SourceQuality "1"]
[TimeControl "900+10"]

1. e4 c6 2. d4 d5 3. e5 Bf5 4. Nf3 e6 5. Be2 Nd7 6. O-O h6 7. b3 Ne7 8. c4 g5 9. Nc3 Bg7 10. Ba3 O-O 11. Bd3 Bg4 12. Re1 dxc4 13. bxc4 c5 14. Be4 Nc6 15. Bxc6 bxc6 16. h3 Bh5 17. Ne4 Bxf3 18. Qxf3 cxd4 19. Nf6+ Bxf6 20. exf6 Qxf6 21. Qxf6 Nxf6 22. Bxf8 Kxf8 23. Rab1 Ke7 24. Rb7+ Nd7 25. c5 Kd8 26. g3 Kc8 27. Rb4 e5 28. f4 gxf4 29. gxf4 f6 30. fxe5 fxe5 31. Rf1 Kc7 32. Rf7 Rf8 33. Rh7 Rf6 34. Ra4 Rg6+ 35. Kf1 Rf6+ 36. Ke1 a6 37. Rxa6 Kb7 38. Ra4 Kc8 39. Ra8+ Kb7 40. Rd8 Ka6 41. Rdxd7 Kb5 42. Rde7 Rf5 43. Rxh6 Kxc5 44. Rhe6 Kd5 45. a4 d3 46. Kd2 Ke4 47. Rxe5+ Rxe5 48. Rxe5+ Kxe5 49. Kxd3 1-0

[Event "Moscow Rapid-ch 2018"]
[Site "Moscow"]
[Date "2018.12.08"]
[Round "3"]
[White "Tsvetkov, Andrey"]
[Black "Zlotnik, Andrey"]
[Result "1-0"]
[ECO "A40"]
[WhiteElo "2338"]
[BlackElo "2092"]
[Annotator "NA"]
[PlyCount "101"]
[EventDate "2018.12.08"]
[EventType "swiss"]
[EventCountry "RUS"]
[SourceTitle "playchess.com"]
[Source "ChessBase"]
[SourceQuality "1"]
[TimeControl "900+10"]

1. d4 e6 2. c4 c5 3. d5 exd5 4. cxd5 g6 5. Nc3 Bg7 6. e4 d6 7. f4 a6 8. Nf3 Ne7 9. a4 O-O 10. Be2 Nd7 11. O-O f5 12. Ng5 Qb6 13. Ne6 Bd4+ 14. Kh1 Rf7 15. a5 Qa7 16. e5 dxe5 17. d6 Nc6 18. Bc4 b5 19. Bd5 Nb4 20. Bxa8 Qxa8 21. Ng5 Bb7 22. Qe2 Rf6 23. fxe5 Nxe5 24. Bf4 Nbd3 25. Rad1 b4 26. Na4 h6 27. Nh3 g5 28. Nb6 Bxg2+ 29. Qxg2 Qxg2+ 30. Kxg2 gxf4 31. d7 Rd6 32. Nxf4 Nxb2 33. Rde1 Nxd7 34. Nc8 Rf6 35. Ne7+ Kh7 36. Nfd5 Rf7 37. Nxf5 Nd3 38. Re6 Bg7 39. Rxa6 c4 40. Ra7 c3 41. Nxg7 Rxg7+ 42. Kh3 c2 43. Rxd7 Rxd7 44. Nf6+ Kg6 45. Nxd7 b3 46. Nf8+ Kg7 47. Ne6+ Kg6 48. Nd4 Nf2+ 49. Kg2 Nd1 50. Nxb3 Ne3+ 51. Kf2 1-0

[Event "Moscow Rapid-ch 2018"]
[Site "Moscow"]
[Date "2018.12.08"]
[Round "3"]
[White "Dudin, Gleb"]
[Black "Parpiev, Isaak"]
[Result "1-0"]
[ECO "E73"]
[WhiteElo "2303"]
[BlackElo "1406"]
[Annotator "NA"]
[PlyCount "59"]
[EventDate "2018.12.08"]
[EventType "swiss"]
[EventCountry "RUS"]
[SourceTitle "playchess.com"]
[Source "ChessBase"]
[SourceQuality "1"]
[TimeControl "900+10"]

1. c4 Nf6 2. Nc3 g6 3. e4 d6 4. d4 Bg7 5. Be2 O-O 6. Bg5 e5 7. dxe5 dxe5 8. Qxd8 Rxd8 9. Nd5 Nxd5 10. Bxd8 Nb4 11. Kd2 N8c6 12. Bg5 f6 13. Be3 Be6 14. a3 Rd8+ 15. Kc3 Na6 16. b4 Nd4 17. c5 f5 18. Bd3 f4 19. Bxd4 exd4+ 20. Kd2 Nb8 21. Nf3 Nc6 22. Rac1 h6 23. h4 Ne5 24. Nxe5 Bxe5 25. Bc4 Kf7 26. Bxe6+ Kxe6 27. b5 d3 28. Rh3 Rd4 29. Rxd3 Rxe4 30. f3 1-0

[Event "Moscow Rapid-ch 2018"]
[Site "Moscow"]
[Date "2018.12.08"]
[Round "3"]
[White "Vasilevich, Irina"]
[Black "Vyrtosu, Natalia"]
[Result "0-1"]
[ECO "A16"]
[WhiteElo "2258"]
[BlackElo "1952"]
[Annotator "NA"]
[PlyCount "60"]
[EventDate "2018.12.08"]
[EventType "swiss"]
[EventCountry "RUS"]
[SourceTitle "playchess.com"]
[Source "ChessBase"]
[SourceQuality "1"]
[TimeControl "900+10"]

1. c4 Nf6 2. Nc3 c6 3. e4 d5 4. e5 d4 5. exf6 dxc3 6. bxc3 gxf6 7. d4 Qa5 8. Bd2 Na6 9. Bd3 Nc7 10. Qf3 Ne6 11. Ne2 Ng5 12. Qh5 Qa4 13. Bxg5 fxg5 14. Qxg5 Be6 15. Rb1 Qxa2 16. O-O Qa6 17. d5 cxd5 18. cxd5 Qxd3 19. Qe5 Bxd5 20. Nd4 Qe4 21. Qg3 Qg6 22. Qh3 Rg8 23. g3 Bg7 24. Nb5 Be5 25. Rfe1 Be4 26. Rbd1 a6 27. Qd7+ Kf8 28. Nc7 Bc6 29. Qd8+ Rxd8 30. Rxd8+ Kg7 0-1

[Event "Moscow Rapid-ch 2018"]
[Site "Moscow"]
[Date "2018.12.08"]
[Round "3"]
[White "Paramzina, Anastasya"]
[Black "Strutinskaia, Galina"]
[Result "0-1"]
[ECO "B30"]
[WhiteElo "2229"]
[BlackElo "2201"]
[Annotator "NA"]
[PlyCount "64"]
[EventDate "2018.12.08"]
[EventType "swiss"]
[EventCountry "RUS"]
[SourceTitle "playchess.com"]
[Source "ChessBase"]
[SourceQuality "1"]
[TimeControl "900+10"]

1. e4 c5 2. Nf3 Nc6 3. Bb5 d6 4. O-O Bd7 5. Re1 a6 6. Bf1 Bg4 7. h3 Bxf3 8. Qxf3 g6 9. c3 Bg7 10. Qg3 e6 11. f4 Nge7 12. d3 O-O 13. Nd2 b5 14. Nf3 d5 15. Be3 d4 16. Bd2 Qb6 17. Kh1 a5 18. e5 a4 19. Ng5 a3 20. b3 dxc3 21. Bxc3 Nd5 22. Bd2 Nd4 23. Rac1 Rac8 24. Qh4 h6 25. Ne4 Rc7 26. Qf2 Rd8 27. Nxc5 Nxf4 28. Qxf4 Rxc5 29. Ba5 Qxa5 30. Rxc5 Qxe1 31. Rc7 Nf5 32. g4 Bxe5 0-1

[Event "Moscow Rapid-ch 2018"]
[Site "Moscow"]
[Date "2018.12.08"]
[Round "3"]
[White "Vlasov, Sergey"]
[Black "Yeletsky, Ivan"]
[Result "0-1"]
[ECO "B90"]
[WhiteElo "2229"]
[BlackElo "2406"]
[Annotator "NA"]
[PlyCount "46"]
[EventDate "2018.12.08"]
[EventType "swiss"]
[EventCountry "RUS"]
[SourceTitle "playchess.com"]
[Source "ChessBase"]
[SourceQuality "1"]
[TimeControl "900+10"]

1. e4 c5 2. Nf3 d6 3. d4 cxd4 4. Nxd4 Nf6 5. Nc3 a6 6. Bc4 e6 7. O-O Be7 8. Bb3 O-O 9. Qf3 Nbd7 10. Qg3 Nc5 11. Bh6 Ne8 12. Rad1 Bh4 13. Qg4 Nxb3 14. Nxb3 e5 15. Qh5 gxh6 16. Nd5 Bg5 17. g3 Kh8 18. h4 Ng7 19. Qe2 Bxh4 20. gxh4 Rg8 21. Rd3 Nh5+ 22. Rg3 Nxg3 23. fxg3 Rxg3+ 0-1

[Event "Moscow Rapid-ch 2018"]
[Site "Moscow"]
[Date "2018.12.08"]
[Round "3"]
[White "Martynyuk, Elizaveta"]
[Black "Utiatskaja, Irina"]
[Result "1-0"]
[ECO "B90"]
[WhiteElo "2128"]
[BlackElo "2246"]
[Annotator "NA"]
[PlyCount "61"]
[EventDate "2018.12.08"]
[EventType "swiss"]
[EventCountry "RUS"]
[SourceTitle "playchess.com"]
[Source "ChessBase"]
[SourceQuality "1"]
[TimeControl "900+10"]

1. e4 c5 2. Nf3 d6 3. d4 cxd4 4. Nxd4 Nf6 5. Nc3 a6 6. Be3 e6 7. f3 Nbd7 8. Qd2 b5 9. g4 Nb6 10. Qf2 Nfd7 11. a3 Bb7 12. h4 Rc8 13. g5 Be7 14. Nb3 Rxc3 15. bxc3 Qc7 16. Bd2 d5 17. exd5 Nxd5 18. Bd3 Nxc3 19. Qd4 Qg3+ 20. Qf2 Qe5+ 21. Qe3 Qxe3+ 22. Bxe3 Ne5 23. Nd2 Nxf3+ 24. Nxf3 Bxf3 25. Rf1 Bh5 26. Bd4 Nd5 27. Bxg7 Rg8 28. Bd4 f5 29. gxf6 Bd6 30. Be2 Bxe2 31. f7+ 1-0

[Event "Moscow Rapid-ch 2018"]
[Site "Moscow"]
[Date "2018.12.08"]
[Round "3"]
[White "Kanevskaya, Anna"]
[Black "Afanasieva, Alexandra"]
[Result "1-0"]
[ECO "E11"]
[WhiteElo "2105"]
[BlackElo "1973"]
[Annotator "NA"]
[PlyCount "107"]
[EventDate "2018.12.08"]
[EventType "swiss"]
[EventCountry "RUS"]
[SourceTitle "playchess.com"]
[Source "ChessBase"]
[SourceQuality "1"]
[TimeControl "900+10"]

1. d4 Nf6 2. Nf3 e6 3. c4 Bb4+ 4. Bd2 a5 5. Nc3 d6 6. g3 b6 7. Bg2 Bb7 8. O-O Nbd7 9. Qc2 O-O 10. b3 Bxc3 11. Bxc3 Ne4 12. Bb2 f5 13. Rad1 Qe7 14. Ne1 Rab8 15. Nd3 c5 16. f3 Nef6 17. Qd2 Rbd8 18. Ne1 Nb8 19. Nc2 Nc6 20. e3 e5 21. a3 e4 22. f4 Qf7 23. d5 Ne7 24. b4 axb4 25. axb4 Ra8 26. Ra1 Rfc8 27. Rfb1 Qf8 28. Bf1 Rxa1 29. Bxa1 Rb8 30. Qc3 Qd8 31. Qa3 Ra8 32. Qb2 Bc8 33. Be2 Bd7 34. h3 Qf8 35. Kf2 Rc8 36. Rg1 Ne8 37. g4 Nf6 38. g5 Ne8 39. h4 Kf7 40. h5 Ra8 41. g6+ hxg6 42. hxg6+ Kg8 43. Rg3 Nf6 44. Rg5 Ng4+ 45. Bxg4 fxg4 46. Qc1 Bf5 47. Qh1 Nxg6 48. Qh5 Rxa1 49. Rxf5 Qa8 50. Nxa1 Qxa1 51. Qxg6 g3+ 52. Kg2 Qb2+ 53. Kxg3 cxb4 54. Qf7+ 1-0

[Event "Moscow Rapid-ch 2018"]
[Site "Moscow"]
[Date "2018.12.08"]
[Round "3"]
[White "Usov, Aleksandr E."]
[Black "Chudinovskikh, Alexander M"]
[Result "1-0"]
[ECO "A61"]
[WhiteElo "1593"]
[BlackElo "2184"]
[Annotator "NA"]
[PlyCount "83"]
[EventDate "2018.12.08"]
[EventType "swiss"]
[EventCountry "RUS"]
[SourceTitle "playchess.com"]
[Source "ChessBase"]
[SourceQuality "1"]
[TimeControl "900+10"]

1. d4 Nf6 2. Nf3 c5 3. d5 e6 4. c4 exd5 5. cxd5 d6 6. Nc3 g6 7. e4 a6 8. Be2 Bg7 9. O-O O-O 10. Nd2 b5 11. f4 Nbd7 12. Nf3 b4 13. e5 dxe5 14. fxe5 bxc3 15. exf6 Nxf6 16. bxc3 Nxd5 17. Bg5 f6 18. Bh4 Be6 19. Bc4 Bf7 20. Ne5 Ne3 21. Qxd8 Raxd8 22. Nxf7 Rxf7 23. Bxf7+ Kxf7 24. Rf3 Nf5 25. Bf2 Bf8 26. g4 Ng7 27. Bh4 Rd6 28. Rb1 Be7 29. Rb7 Re6 30. c4 Ne8 31. Bg3 Re4 32. h3 h5 33. gxh5 gxh5 34. Rd3 f5 35. Bf2 Kg6 36. Rb6+ Kg5 37. Rg3+ Kf4 38. Kg2 Nf6 39. Rg7 Re2 40. Kf1 Re4 41. Rb3 Ne8 42. Bg3# 1-0

[Event "Moscow Rapid-ch 2018"]
[Site "Moscow"]
[Date "2018.12.08"]
[Round "4"]
[White "Yeletsky, Ivan"]
[Black "Usov, Aleksandr E."]
[Result "1-0"]
[ECO "D11"]
[WhiteElo "2406"]
[BlackElo "1593"]
[Annotator "NA"]
[PlyCount "93"]
[EventDate "2018.12.08"]
[EventType "swiss"]
[EventCountry "RUS"]
[SourceTitle "playchess.com"]
[Source "ChessBase"]
[SourceQuality "1"]
[TimeControl "900+10"]

1. d4 c6 2. c4 d5 3. Nf3 Nf6 4. e3 Bg4 5. Nc3 e6 6. Qb3 Qc8 7. Nh4 g5 8. Nf3 Bxf3 9. gxf3 Nbd7 10. e4 c5 11. cxd5 cxd4 12. dxe6 Nc5 13. Qb5+ Qc6 14. Bxg5 Bg7 15. Nd5 Nfxe4 16. Qxc6+ bxc6 17. Nc7+ Kf8 18. e7+ Kg8 19. fxe4 Rc8 20. e8=Q+ Rxe8 21. Nxe8 d3 22. Nxg7 Kxg7 23. Be3 Nxe4 24. Bxd3 Nd6 25. Rg1+ Kf8 26. Bd4 Rg8 27. Rxg8+ Kxg8 28. Bxa7 c5 29. Bxc5 Ne8 30. Ke2 f5 31. a4 f4 32. f3 h5 33. h4 Nf6 34. Bc4+ Kh7 35. a5 Nd7 36. Bd4 Nf8 37. Kd3 Ng6 38. Ke4 Ne7 39. a6 Nc8 40. Ke5 Ne7 41. Kf6 Ng8+ 42. Bxg8+ Kh6 43. Bh7 Kxh7 44. a7 Kh6 45. Kf7 Kh7 46. a8=R Kh6 47. Rh8# 1-0

[Event "Moscow Rapid-ch 2018"]
[Site "Moscow"]
[Date "2018.12.08"]
[Round "4"]
[White "Dragomarezkij, Evgeni"]
[Black "Dudin, Gleb"]
[Result "1/2-1/2"]
[ECO "A20"]
[WhiteElo "2385"]
[BlackElo "2303"]
[Annotator "NA"]
[PlyCount "123"]
[EventDate "2018.12.08"]
[EventType "swiss"]
[EventCountry "RUS"]
[SourceTitle "playchess.com"]
[Source "ChessBase"]
[SourceQuality "1"]
[TimeControl "900+10"]

1. c4 e5 2. Nf3 Nc6 3. d4 exd4 4. Nxd4 Bb4+ 5. Bd2 Bxd2+ 6. Qxd2 Nf6 7. Nc3 O-O 8. g3 Ne5 9. b3 d5 10. cxd5 Nxd5 11. Bg2 Nb4 12. Nc2 Qxd2+ 13. Kxd2 Rd8+ 14. Kc1 Nxc2 15. Kxc2 Ng4 16. Raf1 c6 17. h3 Nf6 18. e4 Re8 19. f4 Nd7 20. Rd1 f6 21. Rd6 Nb6 22. Rhd1 Be6 23. Bf1 a5 24. a4 Kf8 25. Ne2 Ke7 26. R6d2 Bf7 27. Kb2 Kf8 28. Bg2 Bg6 29. Nc3 Bf7 30. h4 Bh5 31. Re1 Re7 32. Rd3 Nd7 33. Bf3 Nc5 34. Rde3 Bf7 35. Bd1 Rd8 36. Bc2 Rd2 37. Nb1 Rg2 38. R1e2 Rxe2 39. Rxe2 Rd7 40. Nc3 Rd4 41. Re3 Rb4 42. Na2 Rd4 43. Kc3 Rd8 44. e5 fxe5 45. Rxe5 b6 46. Nc1 Nd7 47. Re1 Nf6 48. Nd3 Nd5+ 49. Kb2 Nb4 50. Nxb4 axb4 51. Kc1 h6 52. Re3 Rd4 53. Re5 c5 54. a5 bxa5 55. Rxc5 a4 56. Rc8+ Ke7 57. Rc7+ Kf6 58. Rc6+ Ke7 59. Rc7+ Kf6 60. bxa4 b3 61. Bb1 Rxa4 62. Rc6+ 1/2-1/2

[Event "Moscow Rapid-ch 2018"]
[Site "Moscow"]
[Date "2018.12.08"]
[Round "4"]
[White "Andreev, Konstantin"]
[Black "Vlasov, Sergey"]
[Result "0-1"]
[ECO "D45"]
[WhiteElo "2276"]
[BlackElo "2229"]
[Annotator "NA"]
[PlyCount "66"]
[EventDate "2018.12.08"]
[EventType "swiss"]
[EventCountry "RUS"]
[SourceTitle "playchess.com"]
[Source "ChessBase"]
[SourceQuality "1"]
[TimeControl "900+10"]

1. Nf3 Nf6 2. c4 e6 3. d4 d5 4. Nc3 Nbd7 5. e3 c6 6. Be2 Bd6 7. O-O O-O 8. Qc2 dxc4 9. Bxc4 b5 10. Be2 Bb7 11. Rd1 Qe7 12. b3 Rac8 13. Bb2 a6 14. Rac1 c5 15. Qb1 Rfd8 16. h3 e5 17. dxc5 Nxc5 18. b4 Ncd7 19. a3 e4 20. Nd4 Qe5 21. g3 Bb8 22. Na2 Qg5 23. Kg2 Ne5 24. Rxc8 Rxc8 25. Rc1 Re8 26. Nc3 h5 27. h4 Qg6 28. a4 Nd3 29. Rd1 Nxf2 30. Kxf2 Qxg3+ 31. Kf1 Bc8 32. Bxh5 Bh3+ 33. Ke2 Qg2+ 0-1

[Event "Moscow Rapid-ch 2018"]
[Site "Moscow"]
[Date "2018.12.08"]
[Round "4"]
[White "Gurvich, Vitaly"]
[Black "Lavrov, Maxim"]
[Result "1/2-1/2"]
[ECO "C68"]
[WhiteElo "2270"]
[BlackElo "2387"]
[Annotator "NA"]
[PlyCount "112"]
[EventDate "2018.12.08"]
[EventType "swiss"]
[EventCountry "RUS"]
[SourceTitle "playchess.com"]
[Source "ChessBase"]
[SourceQuality "1"]
[TimeControl "900+10"]

1. e4 e5 2. Nf3 Nc6 3. Bb5 a6 4. Bxc6 dxc6 5. O-O f6 6. d4 exd4 7. Nxd4 c5 8. Nb3 Qxd1 9. Rxd1 Bd7 10. Bf4 O-O-O 11. Nc3 Be6 12. Na5 Rxd1+ 13. Rxd1 Ne7 14. Nd5 Nxd5 15. exd5 Bf5 16. Re1 Bg6 17. h3 Bf7 18. c4 g5 19. Bd2 Rg8 20. Bc3 Rg6 21. g4 Bd6 22. Kg2 h5 23. f3 Rh6 24. Re3 Bf8 25. Re4 Bd6 26. Re1 Bf8 27. Re2 Bd6 28. Re4 Bf8 29. Bd2 Bd6 30. Be1 hxg4 31. fxg4 Bg6 32. Re6 Be5 33. Bg3 Bxb2 34. Nb3 Bd4 35. Bf2 Bxf2 36. Kxf2 Rxh3 37. Rxf6 Bb1 38. Nxc5 Rh8 39. Ne6 Bxa2 40. Rf7 Kb8 41. Rxc7 Rc8 42. d6 Rxc7 43. dxc7+ Kc8 44. Ke3 Bxc4 45. Nxg5 Kxc7 46. Kd4 Be2 47. Ne6+ Kd6 48. Nc5 b6 49. Ne4+ Kc6 50. g5 Bh5 51. Nc3 Bf7 52. Ne4 a5 53. Nc3 Bg6 54. Nd5 Bf7 55. Nxb6 Kxb6 56. g6 Bxg6 1/2-1/2

[Event "Moscow Rapid-ch 2018"]
[Site "Moscow"]
[Date "2018.12.08"]
[Round "4"]
[White "Vasilevich, Irina"]
[Black "Paramzina, Anastasya"]
[Result "1/2-1/2"]
[ECO "A16"]
[WhiteElo "2258"]
[BlackElo "2229"]
[Annotator "NA"]
[PlyCount "136"]
[EventDate "2018.12.08"]
[EventType "swiss"]
[EventCountry "RUS"]
[SourceTitle "playchess.com"]
[Source "ChessBase"]
[SourceQuality "1"]
[TimeControl "900+10"]

1. c4 Nf6 2. Nc3 g6 3. g3 c5 4. Bg2 Bg7 5. e4 Nc6 6. Nge2 e5 7. d3 d6 8. a3 O-O 9. Rb1 a5 10. O-O Be6 11. f4 Nd4 12. f5 gxf5 13. Nxd4 cxd4 14. exf5 dxc3 15. fxe6 Qb6+ 16. Kh1 fxe6 17. Bg5 cxb2 18. Qe2 Qd4 19. Be3 Qc3 20. Rxb2 e4 21. Rxb7 exd3 22. Qd1 Qxc4 23. Bg5 Ne4 24. Bf4 e5 25. Qg4 Rf7 26. Rxf7 Qxf7 27. Bxe4 Rf8 28. Qf3 Kh8 29. Be3 Qc4 30. Bf5 d2 31. Rd1 Qb3 32. g4 Bh6 33. Rxd2 Bxe3 34. Rxd6 Qxa3 35. Rd3 Qc1+ 36. Rd1 Qc5 37. Qe4 Bf4 38. Bxh7 Qf2 39. Qg2 Qxg2+ 40. Kxg2 Kxh7 41. Rd7+ Kg6 42. Ra7 Rd8 43. h4 Rd2+ 44. Kf3 Rd3+ 45. Ke4 Rd4+ 46. Kf3 Rd3+ 47. Ke4 Re3+ 48. Kd5 Rg3 49. Ra6+ Kg7 50. Ra7+ Kf6 51. Ra6+ Ke7 52. Ra7+ Kd8 53. g5 a4 54. Rxa4 Rh3 55. Ra8+ Ke7 56. Ra7+ Kf8 57. Rh7 Kg8 58. g6 Rd3+ 59. Ke4 Rd8 60. h5 Re8 61. Rb7 Rd8 62. Rf7 Re8 63. Rb7 Bh6 64. Ra7 Re6 65. Ra8+ Kg7 66. Ra7+ Kg8 67. Ra8+ Kg7 68. Ra7+ Kg8 1/2-1/2